TOP OF THE 1ST |
Aberdeen Ironbirds batting - Pitching for Tri-City ValleyCats : RHP Adam Behrens
|
Pitching: RHP Adam Behrens
|
|
Batting: LHB Shane Free
|
0-0: Foul Ball, location: 2F 0-1: Ball 1-1: Ball 2-1: SINGLE (Groundball, 6D, EV 106.9 MPH)
|
Batting: RHB Mario Luna
|
0-0: Ball Shane Free is caught stealing 2nd base 2-4 1-0: Called Strike 1-1: Ball 2-1: Ball 3-1: Base on Balls
|
Batting: LHB Tim Mulholland
|
0-0: Ball 1-0: Ball 2-0: Hit by Pitch Mario Luna to second
|
Batting: RHB Edwin Ramos
|
0-0: Fly out, F9 (Line Drive, 9D, EV 101.9 MPH)
|
Batting: LHB David Best
|
0-0: Called Strike 0-1: 3-RUN HOME RUN (Flyball, 78XD, EV 103.1 MPH), Distance : 414 ft
|
Batting: RHB Kiyuu del Castillo
|
0-0: Foul Ball, location: 2F 0-1: Called Strike 0-2: Ball 1-2: Ball 2-2: Fly out, F6 (Flyball, 6D, EV 91.3 MPH)
|
Top of the 1st over - 3 runs, 2 hits, 0 errors, 0 left on base; Aberdeen 3 - Tri-City 0 |
BOTTOM OF THE 1ST |
Tri-City ValleyCats batting - Pitching for Aberdeen Ironbirds : LHP Silas Chinn
|
Pitching: LHP Silas Chinn
|
|
Batting: RHB Ben Hoffman
|
0-0: Foul Ball, location: 2F 0-1: Foul Ball, location: 2F 0-2: Ball 1-2: Foul Ball, location: 2F 1-2: Ball 2-2: Foul Ball, location: 2F 2-2: Ground out 6-3 (Groundball, 6, EV 85.6 MPH)
|
Batting: RHB Sean Mounts
|
0-0: Called Strike 0-1: Foul Ball, location: 2F 0-2: Ball 1-2: Strikes out swinging
|
Batting: RHB Bobby Dunn
|
0-0: Ground out 6-3 (Groundball, 6, EV 109.4 MPH)
|
Bottom of the 1st over - 0 runs, 0 hits, 0 errors, 0 left on base; Aberdeen 3 - Tri-City 0 |
TOP OF THE 2ND |
Aberdeen Ironbirds batting - Pitching for Tri-City ValleyCats : RHP Adam Behrens
|
Batting: RHB Hunter Neumann
|
0-0: Ball 1-0: Ball 2-0: Ball 3-0: Base on Balls
|
Batting: RHB Lee Deason
|
0-0: Called Strike 0-1: Ball 1-1: TRIPLE (Flyball, 9LD, EV 100.6 MPH) Hunter Neumann scores
|
Batting: SHB Tyler Myatt
|
0-0: Ball 1-0: Ball 2-0: Ball 3-0: Called Strike 3-1: SINGLE (Groundball, 4D, EV 101.3 MPH) Lee Deason scores
|
Batting: LHB Shane Free
|
0-0: Ball 1-0: Ball Tyler Myatt steals 2nd base 2-0: Ball 3-0: Called Strike 3-1: Base on Balls
|
Pitching: RHP Jon Davis
|
|
Batting: RHB Mario Luna
|
0-0: Grounds into double play, 6-4-3 (Groundball, 6, EV 87.5 MPH) Tyler Myatt to third
|
Batting: LHB Tim Mulholland
|
0-0: Ball 1-0: 2-RUN HOME RUN (Flyball, 9D, EV 95.0 MPH), Distance : 372 ft
|
Batting: RHB Edwin Ramos
|
0-0: Called Strike 0-1: Ground out 3-1 (Groundball, 34, EV 102.5 MPH)
|
Top of the 2nd over - 4 runs, 3 hits, 0 errors, 0 left on base; Aberdeen 7 - Tri-City 0 |
BOTTOM OF THE 2ND |
Tri-City ValleyCats batting - Pitching for Aberdeen Ironbirds : LHP Silas Chinn
|
Batting: SHB Chris Keziah
|
0-0: Foul Ball, location: 2F 0-1: Fly out, F8 (Line Drive, 8RM, EV 95.0 MPH)
|
Batting: RHB Justin Olmstead
|
0-0: Ground out 6-3 (Groundball, 6, EV 82.5 MPH)
|
Batting: LHB Vinny Siebecker
|
0-0: Called Strike 0-1: Foul Ball, location: 2F 0-2: Strikes out looking
|
Bottom of the 2nd over - 0 runs, 0 hits, 0 errors, 0 left on base; Aberdeen 7 - Tri-City 0 |
TOP OF THE 3RD |
Aberdeen Ironbirds batting - Pitching for Tri-City ValleyCats : RHP Jon Davis
|
Batting: LHB David Best
|
0-0: Called Strike 0-1: Ball 1-1: Fly out, F8 (Flyball, 8RM, EV 80.6 MPH)
|
Batting: RHB Kiyuu del Castillo
|
0-0: Swinging Strike 0-1: Ball 1-1: Ball 2-1: Foul Ball, location: 2F 2-2: Foul Ball, location: 2F 2-2: Strikes out swinging
|
Batting: RHB Hunter Neumann
|
0-0: Called Strike 0-1: Ball 1-1: Swinging Strike 1-2: Foul Ball, location: 2F 1-2: Foul Ball, location: 2F 1-2: Ball 2-2: Foul Ball, location: 2F 2-2: Ball 3-2: Foul Ball, location: 2F 3-2: Foul Ball, location: 2F 3-2: SOLO HOME RUN (Flyball, 78XD, EV 110.0 MPH), Distance : 413 ft
|
Pitching: RHP Chris Miles
|
|
Batting: RHB Lee Deason
|
0-0: Ball 1-0: Ground out 5-3 (Groundball, 56, EV 104.4 MPH)
|
Top of the 3rd over - 1 run, 1 hit, 0 errors, 0 left on base; Aberdeen 8 - Tri-City 0 |
BOTTOM OF THE 3RD |
Tri-City ValleyCats batting - Pitching for Aberdeen Ironbirds : LHP Silas Chinn
|
Batting: RHB Mike Koch
|
0-0: Called Strike 0-1: Ball 1-1: Ground out 6-3 (Groundball, 6M, EV 91.3 MPH)
|
Batting: RHB Evan Fry
|
0-0: Ball 1-0: Ball 2-0: Ground out 5-3 (Groundball, 56S, EV 63.8 MPH)
|
Batting: RHB Jorge Gutierrez
|
0-0: Called Strike 0-1: Ground out 4-3 (Groundball, 4, EV 98.1 MPH)
|
Bottom of the 3rd over - 0 runs, 0 hits, 0 errors, 0 left on base; Aberdeen 8 - Tri-City 0 |
TOP OF THE 4TH |
Aberdeen Ironbirds batting - Pitching for Tri-City ValleyCats : RHP Chris Miles
|
Batting: SHB Tyler Myatt
|
0-0: Ball 1-0: Called Strike 1-1: Ball 2-1: Foul Ball, location: 2F 2-2: Strikes out looking
|
Batting: LHB Shane Free
|
0-0: Ball 1-0: Swinging Strike 1-1: Called Strike 1-2: SINGLE (Line Drive, 6MD, EV 95.6 MPH)
|
Batting: RHB Mario Luna
|
0-0: Ball 1-0: Ground out 5-3 (Groundball, 56S, EV 65.6 MPH) Shane Free to second
|
Batting: LHB Tim Mulholland
|
0-0: Ground out 5-3 (Groundball, 5L, EV 81.3 MPH)
|
Top of the 4th over - 0 runs, 1 hit, 0 errors, 1 left on base; Aberdeen 8 - Tri-City 0 |
BOTTOM OF THE 4TH |
Tri-City ValleyCats batting - Pitching for Aberdeen Ironbirds : LHP Silas Chinn
|
Batting: RHB Ben Hoffman
|
0-0: Called Strike 0-1: Foul Ball, location: 2F 0-2: Strikes out looking
|
Batting: RHB Sean Mounts
|
0-0: Foul Ball, location: 2F 0-1: Foul Ball, location: 2F 0-2: Ball 1-2: Strikes out looking
|
Batting: RHB Bobby Dunn
|
0-0: Ball 1-0: Called Strike 1-1: Ground out 6-3 (Groundball, 6, EV 100.0 MPH)
|
Bottom of the 4th over - 0 runs, 0 hits, 0 errors, 0 left on base; Aberdeen 8 - Tri-City 0 |
TOP OF THE 5TH |
Aberdeen Ironbirds batting - Pitching for Tri-City ValleyCats : RHP Chris Miles
|
Batting: RHB Edwin Ramos
|
0-0: Ball 1-0: Ball 2-0: Ground out 5-3 (Groundball, 56S, EV 65.0 MPH)
|
Batting: LHB David Best
|
0-0: SINGLE (Groundball, 56, EV 99.4 MPH)
|
Batting: RHB Kiyuu del Castillo
|
0-0: Ball 1-0: Foul Ball, location: 2F 1-1: Ball 2-1: Ball 3-1: Base on Balls David Best to second
|
Batting: RHB Hunter Neumann
|
0-0: Foul Ball, location: 2F 0-1: 3-RUN HOME RUN (Flyball, 78XD, EV 97.5 MPH), Distance : 400 ft
|
Pitching: RHP Chris Miller
|
|
Batting: RHB Lee Deason
|
0-0: Ball 1-0: Fly out, F7 (Line Drive, 7, EV 86.3 MPH)
|
Batting: SHB Tyler Myatt
|
0-0: Swinging Strike 0-1: Foul Ball, location: 2F 0-2: Ball 1-2: Strikes out looking
|
Top of the 5th over - 3 runs, 2 hits, 0 errors, 0 left on base; Aberdeen 11 - Tri-City 0 |
BOTTOM OF THE 5TH |
Tri-City ValleyCats batting - Pitching for Aberdeen Ironbirds : LHP Silas Chinn
|
Batting: SHB Chris Keziah
|
0-0: Swinging Strike 0-1: Called Strike 0-2: Foul Ball, location: 2F 0-2: SINGLE (Groundball, 6S, EV 73.8 MPH) (infield hit)
|
Batting: RHB Justin Olmstead
|
0-0: Called Strike 0-1: Grounds into double play, 1-4-3 (Groundball, P, EV 72.5 MPH)
|
Batting: LHB Vinny Siebecker
|
0-0: Swinging Strike 0-1: Swinging Strike 0-2: Ball 1-2: Ball 2-2: Ball 3-2: Strikes out swinging
|
Bottom of the 5th over - 0 runs, 1 hit, 0 errors, 0 left on base; Aberdeen 11 - Tri-City 0 |
TOP OF THE 6TH |
Aberdeen Ironbirds batting - Pitching for Tri-City ValleyCats : RHP Chris Miller
|
Batting: LHB Shane Free
|
0-0: Ball 1-0: Foul Ball, location: 2F 1-1: Called Strike 1-2: Ball 2-2: Ball 3-2: Base on Balls
|
Batting: RHB Mario Luna
|
0-0: Called Strike 0-1: Ball 1-1: Foul Ball, location: 2F 1-2: Foul Ball, location: 2F 1-2: Ball 2-2: Ball 3-2: Base on Balls Shane Free to second
|
Batting: LHB Tim Mulholland
|
0-0: Called Strike 0-1: Foul Ball, location: 2F 0-2: Ball Wild Pitch! Shane Free to third Mario Luna to second 1-2: Ball 2-2: Ground out 3-1 (Groundball, 3L, EV 103.1 MPH) Shane Free scores Mario Luna to third
|
Batting: RHB Edwin Ramos
|
0-0: Fly out, F9 (Flyball, 9LM, EV 105.6 MPH) Runner from 3rd tags up, SCORES, throw by RF
|
Batting: LHB David Best
|
0-0: Ball 1-0: Ball 2-0: Foul Ball, location: 2F 2-1: Called Strike 2-2: Ground out 1-3 (Groundball, 15S, EV 66.9 MPH)
|
Top of the 6th over - 2 runs, 0 hits, 0 errors, 0 left on base; Aberdeen 13 - Tri-City 0 |
BOTTOM OF THE 6TH |
Tri-City ValleyCats batting - Pitching for Aberdeen Ironbirds : LHP Silas Chinn
|
Batting: RHB Mike Koch
|
0-0: Called Strike 0-1: Swinging Strike 0-2: Ball 1-2: Strikes out swinging
|
Batting: RHB Evan Fry
|
0-0: Ball 1-0: Foul Ball, location: 2F 1-1: Ball 2-1: Foul Ball, location: 2F 2-2: Foul Ball, location: 2F 2-2: Foul Ball, location: 2F 2-2: Foul Ball, location: 2F 2-2: Strikes out swinging
|
Batting: RHB Jorge Gutierrez
|
0-0: Called Strike 0-1: Swinging Strike 0-2: Ball 1-2: Strikes out swinging
|
Bottom of the 6th over - 0 runs, 0 hits, 0 errors, 0 left on base; Aberdeen 13 - Tri-City 0 |
TOP OF THE 7TH |
Aberdeen Ironbirds batting - Pitching for Tri-City ValleyCats : RHP Chris Miller
|
Batting: RHB Kiyuu del Castillo
|
0-0: Ball 1-0: Ball 2-0: Called Strike 2-1: Called Strike 2-2: Ground out 1-3 (Groundball, 15S, EV 73.1 MPH)
|
Batting: RHB Hunter Neumann
|
0-0: Ball 1-0: Called Strike 1-1: Ball 2-1: Ball 3-1: Called Strike 3-2: DOUBLE (Flyball, 78XD, EV 111.3 MPH)
|
Pitching: LHP Jon Pope
|
|
Batting: RHB Lee Deason
|
0-0: Called Strike 0-1: Ball 1-1: Foul Ball, location: 2F 1-2: Ball 2-2: Foul Ball, location: 2F 2-2: Ball 3-2: Base on Balls
|
Batting: SHB Tyler Myatt
|
0-0: Called Strike 0-1: Ball 1-1: Foul Ball, location: 2F 1-2: Ball Wild Pitch! Hunter Neumann to third Lee Deason to second 2-2: Ball 3-2: Base on Balls
|
Batting: LHB Shane Free
|
0-0: Called Strike 0-1: Ball 1-1: Ball 2-1: Swinging Strike 2-2: Ball 3-2: Base on Balls Hunter Neumann scores Lee Deason to third Tyler Myatt to second
|
Batting: RHB Mario Luna
|
0-0: Called Strike 0-1: Ball 1-1: Fielders Choice at 2nd, 6-4 (Groundball, 6, EV 84.4 MPH) Lee Deason scores Tyler Myatt to third
|
Batting: LHB Tim Mulholland
|
0-0: Swinging Strike 0-1: Ball 1-1: Swinging Strike Balk! Tyler Myatt scores Mario Luna to second 1-2: Ball 2-2: Ball 3-2: Fly out, F7 (Line Drive, 7D, EV 85.6 MPH)
|
Top of the 7th over - 3 runs, 1 hit, 0 errors, 1 left on base; Aberdeen 16 - Tri-City 0 |
BOTTOM OF THE 7TH |
Tri-City ValleyCats batting - Pitching for Aberdeen Ironbirds : LHP Silas Chinn
|
Batting: RHB Ben Hoffman
|
0-0: Foul Ball, location: 2F 0-1: Called Strike 0-2: Ball 1-2: SINGLE (Line Drive, 9S, EV 91.3 MPH)
|
Batting: RHB Sean Mounts
|
0-0: Ball Ben Hoffman is caught stealing 2nd base 2-4 1-0: Called Strike 1-1: Called Strike 1-2: Ground out 6-3 (Groundball, 6S, EV 90.0 MPH)
|
Batting: RHB Bobby Dunn
|
0-0: Ground out 4-3 (Groundball, 4, EV 105.0 MPH)
|
Bottom of the 7th over - 0 runs, 1 hit, 0 errors, 0 left on base; Aberdeen 16 - Tri-City 0 |
TOP OF THE 8TH |
Aberdeen Ironbirds batting - Pitching for Tri-City ValleyCats : LHP Jon Pope
|
Batting: RHB Edwin Ramos
|
0-0: Ball 1-0: Ball 2-0: Ball 3-0: Fly out, F8 (Flyball, 8LXD, EV 89.4 MPH)
|
Batting: LHB David Best
|
0-0: Fly out, F5 (Popup, 56, EV 76.9 MPH)
|
Batting: RHB Kiyuu del Castillo
|
0-0: Foul Ball, location: 2F 0-1: Swinging Strike 0-2: Ball 1-2: Foul Ball, location: 2F 1-2: DOUBLE (Flyball, 89XD, EV 100.0 MPH)
|
Batting: RHB Hunter Neumann
|
Balk! Kiyuu del Castillo to third 0-0: Ball 1-0: Called Strike 1-1: Ball 2-1: Ball 3-1: Base on Balls
|
Pitching: RHP Ruben Pujols
|
|
Batting: RHB Lee Deason
|
0-0: Ball 1-0: Ball Wild Pitch! Kiyuu del Castillo scores Hunter Neumann to second Balk! Hunter Neumann to third 2-0: Ball 3-0: Called Strike 3-1: Base on Balls
|
Batting: SHB Tyler Myatt
|
0-0: Called Strike 0-1: Foul Ball, location: 2F 0-2: Foul Ball, location: 2F 0-2: Ball 1-2: Ball 2-2: Ball 3-2: Fly out, F9 (Flyball, 9LS, EV 84.4 MPH)
|
Top of the 8th over - 1 run, 1 hit, 0 errors, 2 left on base; Aberdeen 17 - Tri-City 0 |
BOTTOM OF THE 8TH |
Tri-City ValleyCats batting - Pitching for Aberdeen Ironbirds : LHP Silas Chinn
|
Batting: SHB Chris Keziah
|
0-0: Ball 1-0: Foul Ball, location: 2F 1-1: Ball 2-1: Called Strike 2-2: Foul Ball, location: 2F 2-2: Ball 3-2: Strikes out looking
|
Batting: RHB Justin Olmstead
|
0-0: Ball 1-0: Ball 2-0: Ball 3-0: Called Strike 3-1: Fly out, F4 (Popup, 4, EV 77.5 MPH)
|
Batting: LHB Vinny Siebecker
|
0-0: Called Strike 0-1: Ball 1-1: Called Strike 1-2: Strikes out looking
|
Bottom of the 8th over - 0 runs, 0 hits, 0 errors, 0 left on base; Aberdeen 17 - Tri-City 0 |
TOP OF THE 9TH |
Aberdeen Ironbirds batting - Pitching for Tri-City ValleyCats : RHP Ruben Pujols
|
Batting: LHB Shane Free
|
0-0: Called Strike 0-1: Fly out, F8 (Line Drive, 8RD, EV 100.0 MPH)
|
Batting: RHB Mario Luna
|
0-0: Ball 1-0: Swinging Strike 1-1: Ball 2-1: SINGLE (Line Drive, 34, EV 94.4 MPH)
|
Batting: LHB Tim Mulholland
|
0-0: Foul Ball, location: 2F 0-1: Ball 1-1: Foul Ball, location: 2F 1-2: Hit by Pitch Mario Luna to second
|
Batting: RHB Edwin Ramos
|
0-0: Fly out, F8 (Flyball, 89S, EV 89.4 MPH)
|
Batting: LHB David Best
|
0-0: Ball 1-0: Ball 2-0: Ball 3-0: Base on Balls Mario Luna to third Tim Mulholland to second
|
Batting: RHB Kiyuu del Castillo
|
0-0: Ball 1-0: Fly out, F6 (Flyball, 56D, EV 96.3 MPH)
|
Top of the 9th over - 0 runs, 1 hit, 0 errors, 3 left on base; Aberdeen 17 - Tri-City 0 |
BOTTOM OF THE 9TH |
Tri-City ValleyCats batting - Pitching for Aberdeen Ironbirds : LHP Silas Chinn
|
Batting: RHB Mike Koch
|
0-0: Called Strike 0-1: Ball 1-1: Ground out 5-3 (Groundball, 56, EV 78.1 MPH)
|
Batting: RHB Evan Fry
|
0-0: Ball 1-0: Called Strike 1-1: Ball 2-1: Foul Ball, location: 2F 2-2: Strikes out swinging
|
Batting: RHB Jorge Gutierrez
|
0-0: Ball 1-0: Ball 2-0: Ball 3-0: Base on Balls
|
Pitching: LHP Randall Rennie
|
|
Batting: RHB Ben Hoffman
|
0-0: Called Strike 0-1: Foul Ball, location: 2F 0-2: Strikes out swinging
|
Bottom of the 9th over - 0 runs, 0 hits, 0 errors, 1 left on base; Aberdeen 17 - Tri-City 0 |
|